 Dungeon Crawl Stone Soup version 0.27-a0-909-g0721f309d1 (webtiles) character file.

Game seed: 17508569020163992560

490330 wakim the Earth Mage (level 25, -2/160 HPs)
             Began as a Gargoyle Earth Elementalist on Apr 8, 2021.
             Was the Champion of Vehumet.
             Slain by an acid blob (19 damage)
             ... while paralysed by a floating eye
             ... on level 4 of the Pits of Slime.
             The game lasted 03:29:31 (57471 turns).

wakim the Earth Mage (Gargoyle Earth Elementalist) Turns: 57471, Time: 03:29:32

Health: -2/160     AC: 30    Str: 29    XL:     25   Next: 3%
Magic:  0/55       EV:  2    Int: 34    God:    Vehumet [******]
Gold:   4041       SH:  0    Dex: 13    Spells: 16/53 levels left

rFire    + . .     SeeInvis +   b - +12 morningstar of Joukeazi {elec, Str+2 Int+5 SInv}
rCold    + + .     Faith    .   f - +8 tower shield {rC+}
rNeg     + + .     Spirit   +   q - +4 moon troll leather armour {Spirit, Regen++ MP+5}
rPois    ∞         Reflect  +   h - +2 helmet {Int+3}
rElec    +         Harm     .   o - scarf {rC+ rF+}
rCorr    +         Rampage  .   j - +2 pair of gloves "Qiqoit" {Dex+3}
Will     +++..                  i - +0 pair of boots of Words of Power {Str+3 SInv}
Stlth    +++.......             P - amulet of Kuptyeti {Reflect rN+ Str+9 SH+5 SInv}
HPRegen  2.36/turn              e - ring "Divitzaz" {Will+ Str+3 Slay+4 Stlth+}
MPRegen  0.34/turn              p - ring of Eprer {Will+ rCorr MP+9 Slay+3}

@: paralysed, about to teleport, corroded, flying, studying 2 skills
A: AC +19, big wings, negative energy resistance 1, electricity resistance,
torment resistance 1, unbreathing 1, petrification resistance, weak 1
}: 2/15 runes: decaying, gossamer
a: Renounce Religion


You were on level 4 of the Pits of Slime.
You worshipped Vehumet.
Vehumet was exalted by your worship.
You visited 9 branches of the dungeon, and saw 44 of its levels.
You also visited: Bailey, Gauntlet, Ice Cave and Desolation.

You collected 5230 gold pieces.
You spent 1189 gold pieces at shops.

Inventory:

Hand Weapons
 a - a +6 sacred scourge of holy wrath
 b - the +12 morningstar of Joukeazi (weapon) {elec, Str+2 Int+5 SInv}
   (You acquired it in a bailey)

   Occasionally, upon striking a foe, it can discharge electrical energy and
   cause terrible harm.
   It affects your strength (+2).
   It affects your intelligence (+5).
   It lets you see invisible.
 m - the +3 battleaxe of Hunoypn {freeze, rF+ Int-5 Dex+3 SInv}
   (You found it on level 3 of the Elven Halls)

   It has been specially enchanted to freeze those struck by it, causing extra
   injury to most foes and up to half again as much damage against particularly
   susceptible opponents.
   It can also slow down cold-blooded creatures.
   It affects your intelligence (-5).
   It affects your dexterity (+3).
   It protects you from fire.
   It lets you see invisible.
Missiles
 n - 2 throwing nets
Armour
 f - a +8 tower shield of cold resistance (worn)
 h - a +2 helmet of intelligence (worn)
 i - the +0 pair of boots of Words of Power (worn) {Str+3 SInv}
   (You found it on level 14 of the Dungeon)

   It affects your strength (+3).
   It lets you see invisible.
 j - the +2 pair of gloves "Qiqoit" (worn) {Dex+3}
   (You acquired it on level 14 of the Dungeon)

   It affects your dexterity (+3).
 o - a scarf of resistance (worn)
 q - the +4 moon troll leather armour (worn) {Spirit, Regen++ MP+5}
   (You took it off a gnoll shaman on level 7 of the Dungeon)

   It affects your magic capacity (+5).
   It increases your rate of health regeneration.
Jewellery
 e - the ring "Divitzaz" (left hand) {Will+ Str+3 Slay+4 Stlth+}
   (You found it in a Gauntlet)

   [ring of slaying]

   It affects your strength (+3).
   It affects your accuracy and damage with ranged weapons and melee attacks
   (+4).
   It increases your willpower.
   It makes you more stealthy.
 g - the ring "Etunk" {rF- rC+ Dex+3 Slay+2}
   (You found it on level 1 of the Vaults)

   [ring of protection from cold]

   It affects your dexterity (+3).
   It affects your accuracy and damage with ranged weapons and melee attacks
   (+2).
   It makes you vulnerable to fire.
   It protects you from cold.
 k - a ring of positive energy
 p - the ring of Eprer (right hand) {Will+ rCorr MP+9 Slay+3}
   (You took it off a ragged hierophant in the Desolation of Salt)

   [ring of resist corrosion]

   It affects your accuracy and damage with ranged weapons and melee attacks
   (+3).
   It affects your magic capacity (+9).
   It protects you from acid and corrosion.
   It increases your willpower.
 s - an amulet of guardian spirit
 G - the amulet "Turic" {rF+ Regen+ Str+4 Int-2 Dex+4}
   (You found it in the Desolation of Salt)

   [amulet of regeneration]

   It affects your strength (+4).
   It affects your intelligence (-2).
   It affects your dexterity (+4).
   It protects you from fire.
   It increases your rate of health regeneration.
 P - the amulet of Kuptyeti (around neck) {Reflect rN+ Str+9 SH+5 SInv}
   (You took it off a gnoll shaman on level 7 of the Dungeon)

   [amulet of reflection]

   It reflects blocked missile attacks.
   It affects your strength (+9).
   It protects you from negative energy.
   It lets you see invisible.
   It affects your SH (+5).
 Q - a ring of protection from cold
 W - a ring of protection from fire
Wands
 l - a wand of iceblast (10)
 t - a wand of digging (25)
 u - a wand of mindburst (35)
 v - a wand of flame (58)
 x - a wand of charming (16)
 y - a wand of paralysis (26)
 z - a wand of polymorph (36)
 M - a wand of acid (43)
Scrolls
 c - 2 scrolls of enchant armour
 d - a scroll of enchant weapon
 r - 9 scrolls of identify
 R - 5 scrolls of magic mapping
 S - a scroll of summoning
 T - 9 scrolls of teleportation
 U - 3 scrolls of fear
 X - 7 scrolls of fog
 Y - 2 scrolls of blinking
 Z - a scroll of silence
Potions
 A - 7 potions of ambrosia
 B - 2 potions of attraction
 C - 2 potions of berserk rage
 D - 4 potions of brilliance
 E - 4 potions of cancellation
 F - 11 potions of curing
 H - 5 potions of haste
 I - a potion of invisibility
 J - 8 potions of heal wounds
 K - a potion of magic
 N - 6 potions of might
 O - 5 potions of resistance


   Skills:
 + Level 17.1 Fighting
 - Level 16.0 Maces & Flails
 - Level 12.0 Armour
 - Level 12.0 Dodging
 - Level 3.3 Stealth
 - Level 18.0 Shields
 * Level 14.8 Spellcasting
 - Level 16.0 Conjurations
 - Level 1.3 Necromancy
 - Level 3.0 Transmutations
 - Level 8.0 Fire Magic
 * Level 19.5 Earth Magic
 - Level 8.0 Evocations


You had 16 spell levels left.
You knew the following spells:

 Your Spells              Type           Power      Damage    Failure   Level
a - Sandblast             Erth           100%       2d20      0%          1
b - Lee's Rapid Deconstr  Erth           51%        3d25*     1%          5
c - Bolt of Magma         Conj/Fire/Erth 44%        4d18      1%          5
d - Iron Shot             Conj/Erth      49%        9d9       1%          6
e - Lehudib's Crystal Sp  Conj/Erth      49%        10d12     5%          8
f - Shatter               Erth           51%        3d39*     34%         9
x - Stone Arrow           Conj/Erth      100%       3d13      0%          3

Your spell library contained the following spells:

 Spells                   Type           Power      Damage    Failure   Level
 Absolute Zero            Ice            12%        ∞         100%        9
 Magic Dart               Conj           100%       1d8       0%          1
 Searing Ray              Conj           100%       3d7       0%          2
 Beastly Appendage        Tmut           90%        N/A       1%          1
 Foxfire                  Conj/Fire      100%       2x1d9     1%          1
 Passwall                 Tmut/Erth      66%        N/A       1%          2
 Wereblood                Tmut           45%        N/A       1%          2
 Conjure Flame            Conj/Fire      82%        6-21      1%          3
 Dazzling Flash           Conj/Hex       100%       N/A       1%          3
 Ignite Poison            Fire/Tmut/Pois 50%        N/A       1%          3
 Mephitic Cloud           Conj/Pois/Air  57%        N/A       1%          3
 Static Discharge         Conj/Air       68%        N/A       1%          3
 Fulminant Prism          Conj/Hex       34%        3d16      1%          4
 Iskenderun's Mystic Bla  Conj/Tloc      68%        2d14      1%          4
 Petrify                  Tmut/Erth      80%        N/A       1%          4
 Borgnjor's Vile Clutch   Necr/Erth      38%        N/A       1%          5
 Fireball                 Conj/Fire      41%        3d17      1%          5
 Starburst                Conj/Fire      41%        8x6d12    1%          6
 Animate Skeleton         Necr           68%        N/A       2%          1
 Sting                    Tmut/Pois      100%       1d8       2%          1
 Frozen Ramparts          Ice            50%        1d7       3%          3
 Apportation              Tloc           50%        N/A       4%          1
 Corona                   Hex            27%        N/A       4%          1
 Summon Small Mammal      Summ           100%       N/A       4%          1
 Corpse Rot               Necr/Air       N/A        N/A       4%          2
 Blink                    Tloc           N/A        N/A       7%          2
 Call Imp                 Summ           25%        N/A       7%          2
 Poisonous Vapours        Pois/Air       50%        N/A       7%          2
 Slow                     Hex            25%        N/A       7%          2
 Swiftness                Air            25%        N/A       7%          2
 Spider Form              Tmut/Pois      17%        N/A       7%          3
 Conjure Ball Lightning   Conj/Air       34%        3x3d11    7%          6
 Vampiric Draining        Necr           17%        2d8       8%          3
 Airstrike                Air            12%        N/A       12%         4
 Call Canine Familiar     Summ           25%        N/A       13%         3
 Confusing Touch          Hex            25%        N/A       13%         3
 Gell's Gravitas          Tloc           12%        N/A       13%         3
 Lesser Beckoning         Tloc           12%        N/A       13%         3
 Summon Guardian Golem    Hex/Summ       25%        N/A       13%         3
 Teleport Other           Tloc           25%        N/A       13%         3
 Yara's Violent Unravell  Hex/Tmut       17%        3d8       17%         5
 Freezing Cloud           Conj/Ice/Air   28%        6-21      19%         6
 Ice Form                 Ice/Tmut       35%        N/A       24%         4
 Animate Dead             Necr           17%        N/A       26%         4
 Hydra Form               Tmut           22%        N/A       34%         5
 Cause Fear               Hex            12%        N/A       41%         4
 Summon Ice Beast         Ice/Summ       25%        N/A       41%         4
 Summon Lightning Spire   Summ/Air       25%        N/A       41%         4
 Alistair's Intoxication  Tmut/Pois      23%        N/A       54%         5
 Eringya's Noxious Bog    Tmut/Pois      17%        N/A       63%         6
 Manifold Assault         Tloc           25%        N/A       77%         5
 Metabolic Englaciation   Hex/Ice        12%        N/A       77%         5
 Silence                  Hex/Air        12%        N/A       77%         5
 Summon Forest            Summ/Tloc      12%        N/A       77%         5
 Summon Mana Viper        Hex/Summ       25%        N/A       77%         5
 Ignition                 Fire           34%        3d10      92%         8
 Dragon Form              Tmut           22%        N/A       100%        7
 Summon Hydra             Summ           12%        N/A       100%        7
 Discord                  Hex            12%        N/A       100%        8
 Dragon's Call            Summ           12%        N/A       100%        9
 Statue Form              Tmut/Erth      Unusable   N/A       N/A         6

Dungeon Overview and Level Annotations

Branches:
Dungeon (15/15)            Temple (1/1) D:5            Lair (6/6) D:10
  Swamp (4/4) Lair:4       Spider (4/4) Lair:4        Slime (5/5) Lair:5
    Orc (2/2) D:9             Elf (3/3) Orc:2        Vaults (4/5) D:13
  Crypt (0/3) Vaults:2     Depths (0/5) D:15         Bailey (visited)
  IceCv (visited)         Desolation (visited)      Gauntlet (visited)

Altars:
Ashenzari
Cheibriados
Dithmenos
Elyvilon
Fedhas
Hepliaklqana
Kikubaaqudgha
Makhleb
Nemelex Xobeh
Okawaru
Sif Muna
Trog
Uskayaw
Vehumet
Wu Jian
Xom
Yredelemnul
Zin
The Shining One
Beogh
Jiyva
Lugonu

Shops:
D:3 *   D:4 !   D:8 =   D:10 (   D:11 (   D:14 =   Orc:2 =!**   Elf:3 [
Vaults:1 *   Vaults:2 *   Vaults:3 :

Portals:
Abyss: Elf:1
Trove: D:14 (give 12 potions of heal wounds)


Innate Abilities, Weirdness & Mutations

Your stone body is resilient. (AC +19)
You are immune to poison.
Your large and strong wings let you fly.
You resist negative energy. (rN+)
You are resistant to electric shocks. (rElec)
You are resistant to unholy torment.
You can survive without breathing.
You are immune to petrification.
You are weak. (Str -2)


Message History

The splash of acid hits you. You resist.
* * * LOW HITPOINT WARNING * * *
You are splashed with acid.
You resist.
* * * LOW HITPOINT WARNING * * *
The rockslime hits you!
* * * LOW HITPOINT WARNING * * *
You hold your ground!
You fly upwards.
There is a stone staircase leading down here.
The rockslime jiggles.
The floating eye's stare focuses on you.
The floating eye gazes piercingly through you!
You suddenly lose the ability to move!
The rockslime jiggles.
The acid blob hits you!!
* * * LOW HITPOINT WARNING * * *
You are splashed with acid.
You resist.
* * * LOW HITPOINT WARNING * * *
The slime creature hits you!
* * * LOW HITPOINT WARNING * * *
Two slime creatures merge to form a large slime creature.
The rockslime hits you but does no damage.
You can move again.
Blink to where?
Press: ? - help, Dir - move target
Okay, then.
As you read the scroll of teleportation, it crumbles to dust.
You feel strangely unstable. The acid blob spits acid at you.
The splash of acid reflects off an invisible shield around you!
The splash of acid hits the acid blob.
The acid blob completely resists.
You block the slime creature's attack. The floating eye's view fixates on you.
The acid blob misses you. The rockslime hits you!!
* * * LOW HITPOINT WARNING * * *
You are shoved backwards!
You block the rockslime's attack.
The floating eye gazes piercingly through you!
You suddenly lose the ability to move!
The acid blob hits you!!
You die...

#.......#.#.#...
.#..............
###.......#.## ###
..#.##.....# ###.###
..........## ##.....##
..........########.......##
.............##.#.........#
...............J......##.##
.^.....<......JJ@...### ##
..............JJ....##
.....<.........G.....##
...........>..........#
..#..................###
.####................#.##
.# ##..................##
####.#...........#.......##
# #.........#.............#


You could see 2 acid blobs, a large slime creature, a slime creature, a
rockslime and a floating eye.

Vanquished Creatures
  Sojobo (Vaults:2)
  Bai Suzhen (Spider:4)
  Frederick (Vaults:1)
  3 tentacled monstrosities (Swamp:4)
  Jorgrun (Spider:1)
  Rupert (Orc:1)
  3 deep elf blademasters
  2 deep elf master archers (Elf:3)
  Gastronok (Lair:2)
  An ancient champion (Vaults:2)
  13 acid blobs
  A sphinx (Vaults:2)
  Kirke (Spider:4)
  Donald (Spider:1)
  4 thorn hunters
  Roxanne (Swamp:1)
  5 tengu reavers
  7 fenstrider witches
  A revenant (Vaults:2)
  4 rockslimes
  Louise (Swamp:2)
  5 azure jellies
  13 vault wardens
  A frost giant (IceCv)
  6 deep elf sorcerers
  8 emperor scorpions (Spider:4)
  3 orc warlords
  4 ghouls
  The ghost of Kaive the Fighter, a journeyman MiFi of Okawaru (Lair:5)
  13 ironbound preservers
  2 angels (Elf:1)
  The ghost of trm the Destroyer, a journeyman OpCj of Gozag (Orc:2)
  A deep elf elementalist (Elf:3)
  9 very ugly things
  4 ghost moths
  3 war gargoyles (Vaults:4)
  The ghost of Kauxt the Fighter, a journeyman DrVM of Sif Muna (Lair:6)
  3 quicksilver oozes (Slime:4)
  A stone giant (Vaults:2)
  3 reapers
  10 deep elf demonologists
  7 entropy weavers
  4 halazid warlocks (Desolation)
  10 bunyips
  A minotaur (Gauntlet)
  3 deep elf annihilators (Elf:3)
  5 dire elephants
  3 ettins
  6 deep elf death magi
  Josephine (D:10)
  4 crystal guardians
  10 eleionomae
  5 deep elf high priests
  8 ironbound thunderhulks
  4 great orbs of eyes
  23 hydras
  7 ragged hierophants (Desolation)
  6 yaktaur captains
  An ice dragon (shapeshifter) (Elf:2)
  3 shambling mangroves
  10 peacekeepers
  A rakshasa (D:13)
  5 ogre magi
  11 vault guards
  Erolcha (Orc:1)
  8 ironbound frosthearts
  A spriggan air mage (Swamp:4)
  3 catoblepae (Lair:6)
  3 ghost crabs
  8 boulder beetles
  11 centaur warriors
  23 dancing weapons
  14 alligators
  A death knight (Vaults:2)
  20 two-headed ogres
  A tengu warrior (D:15)
  The ghost of Jyblihe the Carver, a journeyman GrFi of the Shining One (D:14)
  7 death yaks
  A deep troll shaman (Lair:6)
  5 ironbound beastmasters
  Urug (Orc:1)
  6 orc high priests
  2 spriggan berserkers
  A soul eater (Gauntlet)
  Sonja (Orc:1)
  6 hell knights (Vaults:1)
  A shadow wraith (Vaults:2)
  24 deep elf knights
  A death drake (Swamp:4)
  The ghost of night the Fighter, a novice DjVM of Yredelemnul (D:7)
  9 spriggan druids
  6 goliath frogs
  4 sixfirhies
  A flayed ghost (D:15)
  8 bog bodies
  Pikel (D:3)
  3 swamp dragons
  7 skeletal warriors (D:15)
  34 deep trolls
  23 ironbound convokers
  22 orc knights
  A golden dragon skeleton (D:15)
  4 necromancers
  7 deep elf archers
  33 deep elf zephyrmancers
  6 wizards
  A harpy (Vaults:1)
  18 orb spiders
  34 deep elf pyromancers
  5 will-o-the-wisps
  29 ugly things
  5 lindwurms
  5 cyclopes
  A faun (shapeshifter) (Elf:1)
  4 orc sorcerers
  33 wolf spiders
  2 shining eyes
  2 moths of wrath (shapeshifter)
  18 elephants
  6 manticores
  3 black mambas
  A moth of wrath (Spider:4)
  A human skeleton (Vaults:3)
  6 guardian serpents (Desolation)
  16 vault sentinels
  4 orange demons
  3 eyes of devastation
  Maurice (D:13)
  2 ice statues (IceCv)
  An eye of devastation (shapeshifter) (Elf:3)
  4 torpor snails
  3 rime drakes
  A gargoyle (D:12)
  14 cane toads
  2 unseen horrors
  A freezing wraith (D:15)
  A kobold demonologist (D:14)
  A rime drake (shapeshifter) (Elf:1)
  17 demonic crawlers
  26 yaktaurs
  An efreet (D:15)
  18 komodo dragons
  2 trolls (D:10)
  A bloated husk (Swamp:3)
  A meliai (shapeshifter) (Elf:1)
  15 tyrant leeches
  10 hornets
  37 jumping spiders
  4 meliai
  16 polar bears
  A queen bee (Lair:5)
  10 blink frogs
  5 hellwings
  A raiju (shapeshifter) (D:15)
  Prince Ribbit (D:6)
  2 polar bears (shapeshifter)
  16 dream sheep
  49 saltlings (Desolation)
  A wolf spider simulacrum (D:15)
  79 slime creatures
  2 deep troll skeletons
  5 water elementals
  5 air elementals
  79 redbacks
  5 spriggans
  50 yaks
  An elf zombie (Vaults:3)
  23 tarantellas
  4 shadows
  11 basilisks
  9 wraiths
  3 hogs (Spider:4)
  3 fire elementals
  8 golden eyes
  9 wyverns
  A neqoxec (Swamp:4)
  Grum (D:7)
  9 vampire mosquitoes
  2 steam dragons
  A human zombie (D:15)
  9 wargs
  15 swamp worms
  Edmund (D:6)
  A tengu zombie (D:15)
  A floating eye (Slime:2)
  26 water moccasins
  70 orc warriors
  4 swamp drakes
  An ice beast (D:7)
  2 black bears
  10 ogres
  7 necrophages
  37 wolves
  20 centaurs
  A boggart (D:13)
  4 lemures (D:4)
  2 phantoms (D:5)
  4 kobold brigands
  10 bullfrogs
  7 earth elementals
  7 scorpions
  3 gnoll sergeants
  A water moccasin skeleton (D:6)
  48 killer bees
  10 wights
  7 electric eels
  3 howler monkeys
  3 centaur zombies
  A bullfrog zombie (D:6)
  A jelly (D:7)
  4 gnoll shamans
  2 hounds
  22 orc priests
  2 bullfrog skeletons
  A centaur skeleton (D:4)
  24 orc wizards
  7 hell rats (Lair:4)
  A howler monkey zombie (D:9)
  27 gnolls
  6 adders
  7 shadow imps
  6 ufetubi
  An adder skeleton (D:4)
  A dart slug (D:5)
  106 orcs
  9 ball pythons
  4 endoplasms
  3 giant cockroaches
  21 goblins
  12 hobgoblins
  2 quokkas
  2 bats
  2 frilled lizards (D:3)
  20 kobolds
  5 rats
  A spectral goblin (D:4)
  A lurking horror (Elf:1)
1992 creatures vanquished.

Vanquished Creatures (others)
  A hydra (Swamp:1)
  3 deep elf knights
  A spriggan druid (Swamp:4)
  A bloated husk (Swamp:1)
  2 saltlings (Desolation)
  3 humans (Spider:4)
  A wyvern (D:10)
  A chaos spawn (Swamp:4)
  A swamp worm (Swamp:3)
  An orc priest (Orc:2)
  A gnoll (Orc:2)
  2 orcs
  A bush (Lair:6)
  24 foxfires (Swamp:3)
  21 fungi
  64 plants
  5 toadstools (D:2)
  13 withered plants
146 creatures vanquished.

Grand Total: 2138 creatures vanquished

Notes
Turn   | Place    | Note
-------+----------+-------------------------------------------
     0 | D:1      | wakim the Gargoyle Earth Elementalist began the quest for
                  | the Orb.
     0 | D:1      | Reached XP level 1. HP: 10/10 MP: 3/3
   596 | D:1      | Learned a level 1 spell: Magic Dart
   653 | D:1      | Found a faded altar of an unknown god.
   747 | D:1      | Reached XP level 2. HP: 15/15 MP: 3/5
   918 | D:1      | Reached skill level 4 in Earth Magic
  1547 | D:2      | Reached XP level 3. HP: 19/19 MP: 4/6
  1554 | D:2      | Reached skill level 1 in Conjurations
  2896 | D:3      | Found Puoneurch's General Store.
  3109 | D:3      | Reached XP level 4. HP: 24/24 MP: 7/7
  3552 | D:4      | Found a broken altar of Ashenzari.
  3601 | D:4      | Reached skill level 1 in Maces & Flails
  3630 | D:4      | Found a white marble altar of Elyvilon.
  3771 | D:4      | Noticed an ogre
  3886 | D:4      | Reached XP level 5. HP: 28/28 MP: 8/8
  3992 | D:4      | Noticed Pikel
  3995 | D:4      | Noticed a lemure
  4004 | D:4      | Noticed a lemure
  4020 | D:4      | Noticed a lemure
  4020 | D:4      | Noticed a lemure
  4533 | D:4      | Found Seawnagi's Distillery.
  4592 | D:4      | Killed a lemure
  4596 | D:4      | Killed an ogre
  4597 | D:4      | Reached skill level 5 in Earth Magic
  4597 | D:4      | Reached XP level 6. HP: 27/32 MP: 9/9
  4834 | D:4      | Found a hazy altar of Hepliaklqana.
  4855 | D:5      | Entered Level 5 of the Dungeon
  5146 | D:4      | Reached skill level 1 in Fighting
  5146 | D:4      | Reached skill level 1 in Armour
  5226 | D:5      | Reached XP level 7. HP: 38/38 MP: 10/10
  5357 | D:5      | Learned a level 3 spell: Stone Arrow
  5383 | D:5      | Found a staircase to the Ecumenical Temple.
  5585 | D:5      | Found a hide-covered altar of Uskayaw.
  5587 | D:5      | Found a shimmering blue altar of Sif Muna.
  5590 | D:5      | Found a snail-covered altar of Cheibriados.
  5591 | D:5      | Found a glowing silver altar of Zin.
  5592 | D:5      | Found an ancient bone altar of Kikubaaqudgha.
  5597 | D:5      | Found a shadowy altar of Dithmenos.
  5756 | D:6      | Noticed Prince Ribbit
  5759 | D:6      | Killed Prince Ribbit
  5760 | D:6      | Reached skill level 6 in Earth Magic
  5760 | D:6      | Reached XP level 8. HP: 41/45 MP: 2/11
  5883 | D:6      | Noticed Edmund
  6141 | D:6      | Reached skill level 5 in Maces & Flails
  6470 | Temple   | Entered the Ecumenical Temple
  6607 | Temple   | Became a worshipper of Vehumet
  6878 | D:6      | Reached skill level 7 in Earth Magic
  7211 | D:7      | Noticed Grum
  7217 | D:7      | Identified the +8 trident of Wysuoh {pain, rC+ Will+ Dex-2}
  7695 | D:7      | Learned a level 5 spell: Lee's Rapid Deconstruction
  8004 | D:7      | Found a transporter.
  8010 | D:7      | Found a transporter.
  8018 | D:7      | Identified the amulet of Kuptyeti {Reflect rN+ Str+9 SH+5
                  | SInv}
  8019 | D:7      | Noticed night's ghost (novice DjVM)
  8304 | D:8      | Found a shimmering altar of Xom.
  8304 | D:8      | Noticed a wyvern
  8308 | D:8      | Reached skill level 5 in Conjurations
  8308 | D:8      | Reached XP level 9. HP: 45/52 MP: 6/13
  9089 | D:8      | Reached skill level 8 in Earth Magic
  9092 | D:8      | Reached skill level 5 in Fighting
  9349 | D:8      | Reached * piety under Vehumet
  9349 | D:8      | Offered knowledge of Freeze by Vehumet.
  9797 | D:8      | Found Vuilogen's Jewellery Boutique.
  9939 | D:8      | Reached XP level 10. HP: 55/60 MP: 12/16
 10078 | D:8      | Offered knowledge of Searing Ray by Vehumet.
 10083 | D:8      | Reached ** piety under Vehumet
 10555 | D:9      | Reached skill level 1 in Transmutations
 10584 | D:9      | Noticed a manticore
 10619 | D:8      | Reached skill level 9 in Earth Magic
 11495 | D:9      | Found a staircase to the Orcish Mines.
 11518 | D:9      | Offered knowledge of Frozen Ramparts by Vehumet.
 11843 | D:10     | Entered Level 10 of the Dungeon
 11938 | D:10     | Reached *** piety under Vehumet
 12160 | D:10     | Noticed Josephine
 12686 | D:10     | Reached skill level 10 in Earth Magic
 12737 | D:10     | Reached XP level 11. HP: 67/67 MP: 8/17
 12770 | D:10     | Found a staircase to the Lair.
 12985 | D:10     | Found Kidol's Antique Weapon Shoppe.
 12985 | D:10     | Noticed a five-headed hydra
 13015 | D:10     | Killed a five-headed hydra
 13015 | D:10     | Offered knowledge of Sticky Flame by Vehumet.
 13106 | D:9      | Killed a manticore
 13238 | D:6      | Killed Edmund
 13431 | D:3      | Killed Pikel
 13621 | D:7      | Killed night's ghost
 13712 | D:7      | Killed Grum
 13714 | D:7      | Reached skill level 11 in Earth Magic
 14356 | D:10     | Killed Josephine
 14357 | D:10     | Reached skill level 1 in Shields
 14383 | D:10     | Reached skill level 1 in Necromancy
 14612 | Lair:1   | Entered Level 1 of the Lair of Beasts
 15168 | Lair:1   | Noticed a four-headed hydra
 15175 | Lair:1   | Killed a four-headed hydra
 15676 | Lair:2   | Reached XP level 12. HP: 74/74 MP: 19/19
 15713 | Lair:2   | Reached **** piety under Vehumet
 15714 | Lair:2   | Reached skill level 5 in Spellcasting
 15799 | Lair:2   | Noticed a boulder beetle
 15813 | Lair:2   | Offered knowledge of Iskenderun's Battlesphere by Vehumet.
 16271 | Lair:2   | Noticed a seven-headed hydra
 16298 | Lair:1   | Killed a seven-headed hydra
 16299 | Lair:1   | Reached skill level 5 in Shields
 16385 | Lair:2   | Noticed Gastronok
 16408 | Lair:2   | Killed Gastronok
 16635 | Lair:2   | Killed a boulder beetle
 16636 | Lair:2   | Reached skill level 12 in Earth Magic
 16779 | Lair:2   | Reached skill level 10 in Maces & Flails
 16787 | Lair:2   | Noticed an eight-headed hydra
 16792 | Lair:2   | Killed an eight-headed hydra
 17440 | Lair:3   | Reached ***** piety under Vehumet
 17448 | Lair:3   | Offered knowledge of Fulminant Prism by Vehumet.
 17485 | Lair:3   | Reached XP level 13. HP: 76/78 MP: 22/22
 18768 | Lair:4   | Reached skill level 5 in Armour
 19446 | Lair:4   | Reached skill level 5 in Dodging
 19560 | Lair:4   | Found a hole to the Spider Nest.
 19670 | Lair:4   | Found a staircase to the Swamp.
 19934 | Lair:5   | Found a frozen archway.
 19951 | IceCv    | Entered an ice cave
 19969 | IceCv    | Reached skill level 13 in Earth Magic
 20038 | IceCv    | Gained mutation: Your large and strong wings let you fly.
                  | [Gargoyle growth]
 20038 | IceCv    | Reached XP level 14. HP: 84/84 MP: 25/25
 20339 | IceCv    | Identified the +3 great mace of the Snake Pit {holy, rC-
                  | Will++}
 20361 | IceCv    | Noticed a frost giant
 20376 | IceCv    | Reached skill level 10 in Shields
 20461 | IceCv    | Killed a frost giant
 21292 | D:8      | Bought a ring of protection from fire for 375 gold pieces
 21485 | Lair:5   | Offered knowledge of Olgreb's Toxic Radiance by Vehumet.
 21581 | Lair:5   | Found a transporter.
 21972 | Lair:5   | Found a staircase to the Slime Pits.
 21972 | Lair:5   | Found a viscous altar of Jiyva.
 21973 | Lair:5   | Identified a scroll of acquirement
 21973 | Lair:5   | Acquired a +0 demon whip of venom
 22120 | Lair:5   | Noticed Kaive's ghost (journeyman MiFi)
 22151 | Lair:5   | Found a transporter.
 22493 | Lair:6   | Entered Level 6 of the Lair of Beasts
 23077 | Lair:6   | Reached XP level 15. HP: 90/90 MP: 18/28
 23363 | Lair:6   | Noticed Kauxt's ghost (journeyman DrVM)
 23366 | Lair:6   | Found a runed translucent door.
 23500 | Lair:6   | Offered knowledge of Lightning Bolt by Vehumet.
 23780 | Lair:6   | Killed Kauxt's ghost
 24281 | Lair:6   | Identified the +4 short sword "Tauxolae" {venom, rPois rF+
                  | rC++ Stlth-}
 24624 | D:11     | You are sucked into a shaft and drop 3 floors!
 24677 | D:14     | Reached skill level 10 in Spellcasting
 24677 | D:14     | Reached skill level 14 in Earth Magic
 24772 | D:13     | Noticed Maurice
 24789 | D:13     | Reached skill level 10 in Fighting
 24920 | D:13     | Found a gate to the Vaults.
 25106 | D:12     | Found a flagged portal.
 25127 | Bailey   | Entered a bailey
 25185 | Bailey   | Found an iron altar of Okawaru.
 25318 | Bailey   | Offered knowledge of Bolt of Magma by Vehumet.
 25527 | Bailey   | Found the +12 glaive of Prune {vorpal}
 25679 | Bailey   | Acquired the +12 morningstar of Joukeazi {elec, Str+2 Int+5
                  | SInv}
 25786 | D:12     | Identified the +8 trident of the Manifold Yaks {venom, rC+
                  | rN+}
 26888 | D:11     | Learned a level 5 spell: Bolt of Magma
 27002 | D:11     | Reached skill level 1 in Fire Magic
 27303 | D:11     | Found Pecro's Weapon Emporium.
 27631 | D:13     | Killed Maurice
 27645 | D:13     | Reached XP level 16. HP: 99/99 MP: 30/30
 28149 | D:13     | Found a runed translucent door.
 28589 | D:13     | Reached ****** piety under Vehumet
 28858 | D:14     | Found a portal to a secret trove of treasure.
 29049 | D:4      | Bought a potion of heal wounds for 65 gold pieces
 29257 | D:14     | Found a runed translucent gate.
 29257 | D:14     | Found a runed translucent gate.
 29257 | D:14     | Found a runed translucent gate.
 29273 | D:14     | Offered knowledge of Irradiate by Vehumet.
 29285 | D:14     | Found Hatz's Jewellery Boutique.
 29365 | D:14     | Bought a ring of protection from cold for 325 gold pieces
 29613 | D:14     | You are sucked into a shaft and drop 1 floor!
 29613 | D:15     | Entered Level 15 of the Dungeon
 29740 | D:15     | Found a gate leading to a gauntlet.
 29748 | Gauntlet | Entered a Gauntlet
 29748 | Gauntlet | Found a transporter.
 29748 | Gauntlet | Found a transporter.
 29748 | Gauntlet | Found a transporter.
 29762 | Gauntlet | Found a transporter.
 29765 | Gauntlet | Found a transporter.
 29776 | Gauntlet | Found a transporter.
 29779 | Gauntlet | Found a transporter.
 29791 | Gauntlet | Found a transporter.
 29812 | Gauntlet | Found a transporter.
 29832 | Gauntlet | Found a transporter.
 29835 | Gauntlet | Found a transporter.
 29851 | Gauntlet | Found a transporter.
 30018 | Gauntlet | Identified the ring "Divitzaz" {Will+ Str+3 Slay+4 Stlth+}
 30783 | D:15     | Reached skill level 5 in Fire Magic
 31131 | D:14     | Acquired the +2 pair of gloves "Qiqoit" {Dex+3}
 31138 | D:14     | Acquired a scarf of resistance
 31167 | D:14     | Noticed Jyblihe's ghost (journeyman GrFi)
 31177 | D:14     | Offered knowledge of Iron Shot by Vehumet.
 31184 | D:14     | Killed Jyblihe's ghost
 31220 | D:14     | Identified the +0 pair of boots of Words of Power {Str+3
                  | SInv}
 31449 | D:15     | Found a staircase to the Depths.
 31561 | D:15     | Reached XP level 17. HP: 101/106 MP: 27/31
 31573 | D:15     | Learned a level 6 spell: Iron Shot
 32391 | Lair:5   | Killed Kaive's ghost
 32705 | Orc:1    | Entered Level 1 of the Orcish Mines
 32873 | Orc:2    | Entered Level 2 of the Orcish Mines
 32873 | Orc:2    | Found a staircase to the Elven Halls.
 32889 | Orc:2    | Noticed Rupert
 33034 | Orc:2    | Noticed Erolcha
 33092 | Orc:1    | Killed Rupert
 33293 | Orc:2    | Paralysed by an orc sorcerer for 6 turns
 33304 | Orc:1    | Noticed Urug
 33311 | Orc:1    | Killed Urug
 33635 | Orc:2    | Offered knowledge of Freezing Cloud by Vehumet.
 33930 | Orc:1    | Noticed Sonja
 33933 | Orc:1    | Killed Sonja
 34098 | Orc:2    | Found a runed translucent gate.
 34099 | Orc:2    | Found a runed translucent gate.
 34102 | Orc:2    | Found a runed translucent gate.
 34102 | Orc:2    | Identified the +0 hand crossbow "Meplasao" {flame, rPois
                  | Str+2 Int-3}
 34104 | Orc:2    | Identified the +1 plate armour of Rycuketa {-Tele Int+3
                  | Dex+4}
 34105 | Orc:2    | Noticed trm's ghost (journeyman OpCj)
 34209 | Orc:2    | Found Ycamn's Assorted Antiques.
 34209 | Orc:2    | Found Muigg's Distillery.
 34209 | Orc:2    | Found Ziosch's Jewellery Shop.
 34211 | Orc:2    | Found Epligg's Assorted Antiques.
 34217 | Orc:2    | Bought a potion of heal wounds for 65 gold pieces
 34517 | Orc:2    | Killed trm's ghost
 34594 | Elf:1    | Entered Level 1 of the Elven Halls
 34708 | Elf:1    | Offered knowledge of Lehudib's Crystal Spear by Vehumet.
 34708 | Elf:1    | Offered knowledge of Shatter by Vehumet.
 34708 | Elf:1    | Offered knowledge of Absolute Zero by Vehumet.
 34728 | Elf:1    | Found a ruined gateway.
 34964 | Elf:1    | Found a white marble altar of Elyvilon.
 34964 | Elf:1    | Found a glowing golden altar of the Shining One.
 34964 | Elf:1    | Found a glowing silver altar of Zin.
 34994 | Desolati | Entered the Desolation of Salt
 35250 | Desolati | Identified the +0 short sword of Jafaojao {freeze, Dex+3}
 35250 | Desolati | Identified the amulet "Depiotad" {Reflect rElec rPois SH+5}
 35461 | Desolati | Identified the amulet "Turic" {rF+ Regen+ Str+4 Int-2
                  | Dex+4}
 35463 | Desolati | Identified the +5 rapier of Ashenzari's Supremacy {drain,
                  | rPois}
 35479 | Desolati | Learned a level 8 spell: Lehudib's Crystal Spear
 35489 | Desolati | Learned a level 9 spell: Shatter
 35613 | Desolati | Identified the ring of Eprer {Will+ rCorr MP+9 Slay+3}
 35633 | Desolati | Reached skill level 15 in Earth Magic
 35633 | Desolati | Reached XP level 18. HP: 111/112 MP: 20/32
 35924 | Desolati | Identified the Guide on the Birds
 35929 | Desolati | Identified the ring "Ylum" {rCorr Int+4}
 36104 | Desolati | Reached skill level 10 in Conjurations
 36796 | Elf:1    | Found a one-way gate to the infinite horrors of the Abyss.
 36854 | Elf:1    | Found a corrupted altar of Lugonu.
 37216 | Elf:1    | Identified the +2 robe of the Hanged Man {Int+3 Stlth+}
 37947 | Orc:1    | Killed Erolcha
 38182 | Swamp:1  | Entered Level 1 of the Swamp
 38228 | Swamp:1  | Identified Roxanne's Handbook of Shape Shifting
 38228 | Swamp:1  | Noticed Roxanne
 38325 | Swamp:1  | Killed Roxanne
 38672 | Swamp:1  | Reached XP level 19. HP: 118/118 MP: 35/35
 39339 | Swamp:2  | Noticed Louise
 39358 | Swamp:2  | Killed Louise
 40095 | Swamp:3  | Reached skill level 10 in Dodging
 40924 | Swamp:3  | Paralysed by a fenstrider witch for 6 turns
 40938 | Swamp:3  | Reached skill level 15 in Maces & Flails
 41209 | Swamp:4  | Entered Level 4 of the Swamp
 41209 | Swamp:4  | Noticed a tentacled monstrosity
 41212 | Swamp:4  | Killed a tentacled monstrosity
 41213 | Swamp:4  | Reached skill level 1 in Evocations
 41631 | Swamp:4  | Reached XP level 20. HP: 126/126 MP: 37/37
 41832 | Swamp:4  | Got a decaying rune of Zot
 41861 | Swamp:4  | Reached skill level 5 in Evocations
 42736 | Spider:1 | Entered Level 1 of the Spider Nest
 42829 | Spider:1 | Noticed Jorgrun
 42875 | Spider:1 | Killed Jorgrun
 42922 | Spider:1 | Reached skill level 15 in Shields
 43358 | Spider:2 | Noticed Donald
 43400 | Spider:1 | Killed Donald
 44674 | Spider:3 | Reached XP level 21. HP: 132/132 MP: 38/38
 45103 | Spider:3 | Identified the +1 scale mail "Ponaadisi" {rF+ SInv}
 45173 | Spider:4 | Entered Level 4 of the Spider Nest
 46349 | Spider:4 | Noticed Kirke
 46358 | Spider:4 | Noticed Bai Suzhen
 46360 | Spider:4 | Killed Kirke
 46367 | Spider:4 | Killed Bai Suzhen
 46739 | Spider:4 | Got a gossamer rune of Zot
 47018 | Vaults:1 | Entered Level 1 of the Vaults
 47077 | Vaults:1 | Reached skill level 10 in Armour
 47123 | Vaults:1 | Reached skill level 15 in Fighting
 47334 | Vaults:1 | Identified the ring "Etunk" {rF- rC+ Dex+3 Slay+2}
 47683 | Vaults:1 | Reached XP level 22. HP: 140/140 MP: 31/39
 48542 | Vaults:1 | Found Fini Xona's General Store.
 48582 | Vaults:1 | Bought a scroll of teleportation for 45 gold pieces
 48769 | Vaults:2 | Noticed Sojobo
 48790 | Vaults:2 | Killed Sojobo
 49174 | Vaults:2 | Identified the +1 helmet "Xis Zet" {rCorr Str+3}
 49273 | Vaults:2 | Found Rajan's General Store.
 49277 | Vaults:2 | Bought a scroll of blinking for 112 gold pieces
 49320 | Vaults:2 | Noticed Frederick
 49331 | Vaults:1 | Killed Frederick
 49765 | Vaults:2 | Found a staircase to the Crypt.
 50125 | Vaults:3 | Found Isazehim's Book Shop.
 50186 | Vaults:3 | Reached skill level 16 in Earth Magic
 50205 | Vaults:3 | Reached XP level 23. HP: 136/145 MP: 40/40
 51792 | Vaults:4 | Reached skill level 17 in Earth Magic
 52519 | Elf:2    | Found a runed translucent gate.
 52519 | Elf:2    | Found a runed translucent gate.
 52526 | Elf:2    | Found a runed translucent gate.
 53018 | Elf:2    | Reached skill level 15 in Conjurations
 53403 | Elf:2    | Reached XP level 24. HP: 144/152 MP: 32/40
 53583 | Elf:3    | Entered Level 3 of the Elven Halls
 53653 | Elf:3    | Found Peroub's Antique Armour Shop.
 53655 | Elf:3    | Reached skill level 18 in Earth Magic
 53692 | Elf:3    | Bought a pair of runed boots for 202 gold pieces
 53788 | Elf:3    | Identified the +5 spear of Attainder {protect, Str+4}
 54686 | Elf:3    | Identified the ring "Rist" {rCorr SInv}
 54713 | Elf:3    | Identified the +6 quarterstaff "Rizusk" {venom, rF+ Int+5}
 54715 | Elf:3    | Identified Sif Muna's Incunabulum of the Floating Frostbite
 54717 | Elf:3    | Identified the +3 broad axe of the Valley {vorpal, Will+}
 54727 | Elf:3    | Identified the Catalogue of Enthralling Poison
 54830 | Elf:3    | Identified the Compendium of Displaced Sinister Rites
 54832 | Elf:3    | Identified the +5 shortbow "Tipliy" {venom, rPois MP+9
                  | Str+2}
 54840 | Elf:3    | Identified the +3 battleaxe of Hunoypn {freeze, rF+ Int-5
                  | Dex+3 SInv}
 55170 | Slime:1  | Entered Level 1 of the Pits of Slime
 55555 | Slime:2  | Gained mutation: You are weak. (Str -2) [a shining eye]
 56341 | Slime:1  | Reached skill level 19 in Earth Magic
 57397 | Slime:5  | Entered Level 5 of the Pits of Slime
 57404 | Slime:5  | Reached XP level 25. HP: 160/160 MP: 41/41
 57453 | Slime:5  | Paralysed by a floating eye for 3 turns
 57459 | Slime:5  | Paralysed by a floating eye for 3 turns
 57468 | Slime:4  | Paralysed by a floating eye for 2 turns
 57471 | Slime:4  | Paralysed by a floating eye for 2 turns
 57471 | Slime:4  | Slain by an acid blob

Illustrated notes

Levels and vault maps discovered:
D:1:      giann_bridges, layout_loops_corners,
          ebering_ecumenical_altar_abandoned
D:2:      layout_basic, kennysheep_decorative_pillar, minmay_gold_behind_fungi,
          kennysheep_generic_room_16
D:3:      layout_basic, serial_shops, shop_fountains
D:4:      layout_cave_pools, overflow_temple_1_default,
          nicolae_hepliaklqana_monster_ancestors, cheibrodos_ashenzari_chains,
          serial_shops, shop, st_stairs_9, guppyfry_early_lair_pool, uniq_pikel
D:5:      layout_rooms, minitemple, minmay_temple_entry_mini_moons
D:6:      layout_loops_ring, uniq_prince_ribbit1, uniq_edmund
D:7:      layout_layer_cave, gammafunk_ghost_gnarly_gnolls,
          minmay_misc_feat_pillars
D:8:      layout_basic, serial_shops, shop, minmay_ruined_shrine
D:9:      layout_cross, david_orc_3
D:10:     layout_roguey, erik_lair_dragon, serial_shops, shop, uniq_josephine
D:11:     layout_long_grid, serial_shops, nicolae_shop_statue_plus
D:12:     layout_stronghold, enter_bailey_3
D:13:     layout_basic, hangedman_vaults_entry_quadrant_bands,
          lightli_church_of_beogh, uniq_maurice
D:14:     layout_irregular_city, gammafunk_ghost_spectres, serial_shops, shop,
          nicolae_trove_entry_columns, dk_noncrumbling_2
D:15:     gammafunk_depths_entry_grave, layout_layer_cave,
          gauntlet_entry_generic
Temple:   oiseaux_autumnal_temple
Lair:1:   layout_hall_layers, serial_forest, infiniplex_forest_split,
          infiniplex_forest_clump_double, infiniplex_forest_lined_corner,
          infiniplex_forest_straight_2, infiniplex_forest_lined_3,
          infiniplex_forest_lined_4_way, infiniplex_forest_corner_2,
          infiniplex_forest_straight_2, infiniplex_forest_straight_2,
          infiniplex_forest_lined_corner
Lair:2:   layout_gridlike, grunt_megastairs_5, uniq_gastronok
Lair:3:   regret_index_combs_of_tragedy, layout_regular_city,
          roderic_carrion_pond, serial_bayou_shore_a
Lair:4:   layout_cave_shapes, minmay_swamp_entry_worms,
          nicolae_spider_entry_orb_guardian, grunt_megastairs_1
Lair:5:   layout_loops_ring, slime_altar_1, portal_ice_cave_entry_pillars_1,
          gammafunk_ghost_hive
Lair:6:   grunt_lair_end_beastmaster, layout_hall_layers,
          hellmonk_ghost_happy_afterlife, st_stairs_5, pond, lemuel_fruit_tree,
          serial_bayou_shore_b, infiniplex_staircase_pool
Swamp:1:  layout_falls_marsh, nicolae_swamp_tree_designs, swamp_pool5,
          uniq_roxanne
Swamp:2:  nicolae_swamp_wrong_neighborhood, layout_falls_marsh,
          evilmike_swamp_ruin_house_5, uniq_louise
Swamp:3:  nzn_winding_woodlands_three_and_one
          [nzn_winding_woodlands_5x15_river_crossing,
          nzn_winding_woodlands_5x15_parted,
          nzn_winding_woodlands_5x15_pathside_ponds,
          nzn_winding_woodlands_center_garden], layout_basic_swamp,
          evilmike_swamp_ruin_rubble_1
Swamp:4:  nzn_swamp_witches_coven, layout_basic_swamp
Spider:1: layout_spider_delve, uniq_jorgrun
Spider:2: layout_spider_delve, nicolae_spider_nooks_and_crannies, uniq_donald
Spider:3: layout_spider_delve
Spider:4: grunt_spider_rune_circles, uniq_kirke, uniq_bai_suzhen
Slime:1:  layout_caves
Slime:2:  layout_caves
Slime:3:  layout_caves
Slime:4:  cheibrodos_slime_lost_civilization_9, layout_caves
Slime:5
Orc:1:    layout_diamond_mine, uniq_sonja, uniq_urug
Orc:2:    st_orc_rangers, layout_caves, biasface_ghost_orc_armoury,
          uniq_erolcha, uniq_rupert
Elf:1:    minmay_the_grid_triangle_9x9_rhombus_full
          [minmay_the_grid_triangle_9x9_alien,
          minmay_the_grid_triangle_9x9_odd_lines,
          minmay_the_grid_triangle_9x9_limited_checkers,
          minmay_the_grid_triangle_9x9_flanged_cone,
          minmay_the_grid_triangle_9x9_semitri,
          minmay_the_grid_triangle_9x9_sprig,
          minmay_the_grid_triangle_9x9_corruption,
          minmay_the_grid_triangle_9x9_prize_center], layout_loops_cross,
          portal_desolation_entry_holy_temple, hangedman_elf_represent,
          amcnicky_altar_lugonu_corruption
Elf:2:    layout_loops_corners, drop_trap, einodemon_barbed_minivault
Elf:3:    elf_hall_gauntlet_wide, layout_geoelf_octagon, serial_shops, shop
Vaults:1: vaults_room_fours, vaults_room_stairs_pillars, v_alt_pattern_5,
          hangedman_vaults_variations, grunt_vaults_hallway_long,
          nicolae_vaults_circle_grid_a, vaults_dpeg_spiral,
          nicolae_vaults_mini_display_case, vaults_mumra_minichess_inversion,
          vaults_room_guarded_vault, hangedman_vaults_corner_blocks,
          ontoclasm_vaults_eye, layout_vaults_omnicross, serial_shops,
          nicolae_shop_stone
Vaults:2: ontoclasm_vaults_gateway, v_pattern_3,
          nicolae_vaults_little_squares_1, minmay_crypt_entry_simple_statues,
          hangedman_vaults_nails, nicolae_vaults_little_squares_4,
          vaults_room_pool, ontoclasm_vaults_twist, grunt_vaults_focal,
          dpeg_vaults_waves, vaults_room_semicircle, vaults_mumra_hexcomb,
          vaults_room_fours, layout_vaults_ring, serial_shops, shop,
          uniq_frederick, uniq_sojobo
Vaults:3: nicolae_vaults_stairing_the_circle, grunt_vaults_swirl,
          ontoclasm_vaults_pinch, nicolae_vaults_what_the_h,
          ontoclasm_vaults_fault, nicolae_vaults_rhombus_5,
          hangedman_vaults_river_flow, v_misc_28, v_misc_19, v_misc_22,
          layout_vaults_maze, serial_shops, shop
Vaults:4: hangedman_vaults_slither, vaults_room_corners,
          nicolae_vaults_little_squares_3, nicolae_vaults_back_hallway,
          nicolae_vaults_network_star, ontoclasm_vaults_misaligned, v_pattern_5,
          ontoclasm_vaults_chip, special_room_vaults [special_room_orc],
          v_misc_29, layout_vaults_big_room

Skill      XL: |  1  2  3  4  5  6  7  8  9 10 11 12 13 14 15 16 17 18 19 20 21 22 23 24 |
---------------+-------------------------------------------------------------------------+-----
Earth Magic    | 4 5 6 7 8 10 11 12 13 14 15 16 17 19 | 19.5
Conjurations   | 1 2 3 5 6 7 8 9 11 12 13 15 16 | 16.0
Dodging        | 2 3 5 6 7 8 9 10 11 12 | 12.0
Stealth        | 3 |  3.3
Maces & Flails | 1 2 3 4 5 7 9 10 12 13 14 15 16 | 16.0
Fighting       | 1 2 4 6 7 8 9 10 11 12 13 14 15 16 17 | 17.1
Armour         | 1 2 3 6 8 10 12 | 12.0
Spellcasting   | 3 4 6 7 9 10 12 13 14 | 14.8
Transmutations | 2 3 |  3.0
Shields        | 3 8 9 10 11 12 13 14 15 17 18 | 18.0
Necromancy     | 1 |  1.3
Fire Magic     | 2 6 7 8 |  8.0
Evocations     | 3 7 8 |  8.0

Action                   |  1- 3 |  4- 6 |  7- 9 | 10-12 | 13-15 | 16-18 | 19-21 | 22-24 | 25-27 || total
-------------------------+-------+-------+-------+-------+-------+-------+-------+-------+-------++-------
Melee: Dagger            |    41 |       |       |       |       |       |       |       |       ||    41
       Unarmed           |     7 |       |       |       |       |       |       |       |       ||     7
       Mace              |    20 |    12 |    13 |       |       |       |       |       |       ||    45
       Flail             |       |       |    69 |   321 |   908 |       |       |       |       ||  1298
       Demon whip        |       |       |       |       |   640 |       |       |       |       ||   640
       Morningstar       |       |       |       |       |   111 |   908 |  1008 |  1129 |    43 ||  3199
Throw: Dart              |     8 |       |       |       |       |       |       |       |       ||     8
 Cast: Sandblast         |    32 |    89 |    20 |     5 |       |       |       |       |       ||   146
       Magic Dart        |    15 |     1 |       |       |       |       |       |       |       ||    16
       Stone Arrow       |       |       |    80 |   144 |    64 |     2 |     1 |       |       ||   291
       Lee's Rapid Decon |       |       |    12 |    71 |    92 |    75 |   121 |    99 |       ||   470
       Bolt of Magma     |       |       |       |       |     5 |    58 |     4 |       |       ||    67
       Iron Shot         |       |       |       |       |       |    84 |   109 |    36 |       ||   229
       Lehudib's Crystal |       |       |       |       |       |       |       |    34 |     1 ||    35
  Use: Scroll            |     8 |     1 |     4 |     5 |    13 |    14 |    10 |     3 |     1 ||    59
       Potion            |       |       |     1 |       |       |     2 |       |       |       ||     3
 Stab: Sleeping          |       |       |       |       |     4 |     6 |     7 |    12 |       ||    29
       Petrified         |       |       |       |       |    14 |       |       |       |       ||    14
       Petrifying        |       |       |       |       |     1 |       |       |       |       ||     1
       Distracted        |       |       |       |       |       |       |     1 |     2 |       ||     3
Armor: Robe              |    38 |    35 |    99 |    77 |       |       |       |       |       ||   249
       Troll leather arm |       |       |       |   167 |   924 |   476 |   661 |   327 |    32 ||  2587
Dodge: Dodged            |    67 |    59 |   109 |   191 |   772 |   441 |   531 |   350 |    27 ||  2547
Block: Buckler           |       |       |       |    31 |       |       |       |       |       ||    31
       Kite shield       |       |       |       |   240 |   734 |       |       |       |       ||   974
       Tower shield      |       |       |       |       |  1793 |  1643 |  2087 |  1782 |   104 ||  7409
       Reflection        |       |       |       |       |     9 |   125 |    32 |    80 |     1 ||   247

Table legend: (Time is in decaauts)
 A = Elapsed time spent in this place.
 B = Non-inter-level travel time spent in this place.
 C = Inter-level travel time spent in this place.
 D = Time resting spent in this place.
 E = Time spent auto-exploring this place.
 F = Levels seen in this place.
 G = Mean time per level.
                   A        B        C        D        E       F      G
               +--------+--------+--------+--------+--------+-----+--------+
         Total |  57432 |  52109 |   5323 |   1069 |  37742 |  48 | 1196.5 |
       Dungeon |  21958 |  18729 |   3229 |    365 |  14668 |  15 | 1463.9 |
        Temple |    179 |    112 |     67 |      0 |    109 |   1 |  179.0 |
          Lair |   8976 |   8142 |    834 |    158 |   5594 |   6 | 1496.0 |
         Swamp |   4496 |   4353 |    143 |     99 |   3175 |   4 | 1124.0 |
   Spider Nest |   4101 |   3786 |    315 |     29 |   2707 |   4 | 1025.2 |
    Slime Pits |   2264 |   2100 |    164 |     83 |   1447 |   5 |  452.8 |
  Orcish Mines |   2037 |   1895 |    142 |      8 |   1233 |   2 | 1018.5 |
   Elven Halls |   4363 |   4169 |    194 |    210 |   2782 |   3 | 1454.3 |
        Vaults |   5218 |   4985 |    233 |      0 |   3730 |   4 | 1304.5 |
        Bailey |    557 |    557 |      0 |      0 |    364 |   1 |  557.0 |
      Ice Cave |   1180 |   1180 |      0 |      0 |    724 |   1 | 1180.0 |
    Desolation |   1502 |   1502 |      0 |    117 |    789 |   1 | 1502.0 |
      Gauntlet |    596 |    596 |      0 |      0 |    419 |   1 |  596.0 |
               +--------+--------+--------+--------+--------+-----+--------+

Top non-repeatable levels by time:
    D:10: 2588 daAuts
     D:7: 2295 daAuts
     D:8: 2131 daAuts
   Elf:1: 1878 daAuts
  Lair:5: 1751 daAuts
     D:3: 1722 daAuts
  Lair:3: 1697 daAuts
  Lair:1: 1583 daAuts
Vaults:1: 1573 daAuts
    D:13: 1567 daAuts
     D:1: 1560 daAuts
Spider:4: 1518 daAuts
    D:14: 1518 daAuts
Desolation: 1502 daAuts
  Lair:6: 1472 daAuts
